 Dungeon Crawl Stone Soup version 0.30.1-1-g62c8e00024 (webtiles) character file.

Game seed: 1226966507678028309

9 monsoonserge the Trooper (level 2, 27/27 HPs)
             Began as a Hill Orc Fighter on July 17, 2023.
             Was a Follower of Jiyva.
             Quit the game on level 1 of the Dungeon.
             The game lasted 00:00:46 (267 turns).

monsoonserge the Trooper (Hill Orc Fighter)          Turns: 267, Time: 00:00:46

Health: 27/27      AC:  6    Str: 18    XL:     2   Next: 16%
Magic:  2/2        EV:  9    Int:  8    God:    Jiyva [*.....]
Gold:   6          SH:  4    Dex: 10    Spells: 1/1 levels left

rFire   . . .        a - +0 war axe
rCold   . . .        c - +0 buckler
rNeg    . . .        b - +0 scale mail
rPois   .            (no helmet)
rElec   .            (no cloak)
rCorr   .            (no gloves)
SInv    .            (no boots)
Will    .....        (no amulet) Stlth
                     (no ring)
HPRegen 1.04/turn    (no ring)
MPRegen 0.33/turn

%: no passive effects
@: no status effects
A: no striking features
a: Renounce Religion


You were on level 1 of the Dungeon.
You worshipped Jiyva.
Jiyva was aware of your devotion.
You visited 1 branch of the dungeon, and saw 1 of its levels.

You collected 6 gold pieces.

Inventory:

Hand Weapons
 a - a +0 war axe (weapon)
Armour
 b - a +0 scale mail (worn)
 c - a +0 buckler (worn)
Scrolls
 f - a scroll of brand weapon {unknown}
 g - a scroll of identify {unknown}
 i - a scroll of vulnerability {unknown}
Potions
 d - a potion of might
 e - a potion of attraction {unknown}
 h - a potion of resistance {unknown}


   Skills:
 + Level 3.8 Fighting
 + Level 3.1 Axes
 + Level 3.5 Armour
 + Level 3.3 Shields


You had one spell level left.
You didn't know any spells.
Your spell library contained the following spells:

 Spells                   Type           Power      Damage    Failure   Level
 Vhi's Electric Charge    Tloc/Air       0%         N/A       99%         3
 Arcjolt                  Conj/Air       0%         1d10      100%        5
 Maxwell's Capacitive Co  Air            0%         ∞         100%        8


Dungeon Overview and Level Annotations

Branches:
Dungeon (1/15)

Altars:
Jiyva


Message History

You hit the hobgoblin.
The hobgoblin is moderately wounded.
The bat hits you but does no damage. You block the hobgoblin's attack.
You hit the hobgoblin.
You kill the hobgoblin!
The bat barely misses you. The bat barely misses you. The bat hits you.
You barely miss the frilled lizard. The bat hits you.
You block the frilled lizard's attack.
You closely miss the frilled lizard. The bat closely misses you.
The frilled lizard bites you but does no damage.
You closely miss the frilled lizard. The bat barely misses you.
The frilled lizard misses you.
The frilled lizard bites you but does no damage.
You slash the frilled lizard!
You kill the frilled lizard!
The bat barely misses you.
You miss the bat. The bat hits you but does no damage.
The bat barely misses you. The bat hits you but does no damage.
You hit the bat.
You kill the bat!
Found a sling.
Found a faded altar of an unknown god.
Found a scroll labelled LOGEOG ZASOS.
There is a faded altar of an unknown god here.
This altar belongs to (a) Ignis, (b) Jiyva or (c) Qazlal, but you can't tell which.
Press the corresponding letter to learn more about a god, or press enter to convert or escape to cancel.
Jiyva accepts your prayer! Jiyva welcomes you!
Jiyva begins accelerating your health and magic regeneration.
You slash the demonic plant!
The demonic plant begins to die.
The demonic plant is lightly damaged.
You hit the demonic plant.
The demonic plant begins to die.
You slash the demonic plant!
The demonic plant is lightly damaged.
You slash the demonic plant!
A nearby demonic plant withers and dies. x2
i - a scroll labelled LOGEOG ZASOS
There are no items here.
Are you sure you want to abandon this character and quit the game? (Confirm with "yes".)

.. ### .. #... .. ...
######... ..
..#########......##
#.###P.^.#P...###.### .
#...P...#..PP...##
#.##....P.P#...PP..##.#
#.P...P...#.......P.#
#..PP..P.._...P.....#
#.....@...#..P..P...#
#.##P..P...#P.....P###
#......P#P...P.P#
#..###P...#.P..###.# ##
#.#########.. ... ##
######


There were no monsters in sight!

Vanquished Creatures
  An endoplasm (D:1)
  A goblin (D:1)
  A hobgoblin (D:1)
  2 kobolds (D:1)
  2 bats (D:1)
  2 frilled lizards (D:1)
9 creatures vanquished.

Notes
Turn   | Place    | Note
-------+----------+-------------------------------------------
     0 | D:1      | monsoonserge the Hill Orc Fighter began the quest for the
                  | Orb.
     0 | D:1      | Reached XP level 1. HP: 19/19 MP: 1/1
   182 | D:1      | Reached XP level 2. HP: 26/27 MP: 2/2
   246 | D:1      | Found a faded altar of an unknown god.
   254 | D:1      | Prayed at the altar of an unknown god.
   254 | D:1      | Became a worshipper of Jiyva Jintesuj the Shapeless
   254 | D:1      | Reached * piety under Jiyva
   267 | D:1      | Quit the game

Illustrated notes

Levels and vault maps discovered:
D:1:      onia_arrival_mini_maze, layout_rooms, shapermc_ecumenical_altar_gd,
          hangedman_glass_teeth

Skill      XL: |  1 |
---------------+----+-----
Axes           | 3 |  3.1
Fighting       | |  3.8
Armour         | |  3.5
Shields        | |  3.3

Action                     || total
---------------------------++-------
  Melee: War axe           ||    29
 Armour: Scale mail        ||    15
  Dodge: Dodged            ||    13
  Block: Buckler           ||     5
